 Dungeon Crawl Stone Soup version 0.31.0-11-ge490571c62 (webtiles) character file.

Game seed: 11396228719034593016

8136 mopl the Summoner (level 11, -6/54 HPs)
             Began as a Tengu Summoner on Feb 5, 2024.
             Was a High Priest of Sif Muna.
             Killed from afar by an electric eel (11 damage)
             ... with a bolt of electricity
             ... on level 8 of the Dungeon.
             The game lasted 00:21:01 (7489 turns).

mopl the Summoner (Tengu Summoner)                  Turns: 7489, Time: 00:21:02

Health: -6/54      AC:  5    Str:  8    XL:     11   Next: 26%
Magic:  33/35      EV: 35    Int: 21    God:    Sif Muna [*****.]
Gold:   277        SH:  0    Dex: 14    Spells: 13/30 levels left

rFire   . . .        a - +3 trident (drain)
rCold   . . .        (no shield)
rNeg    . . .        R - +0 troll leather armour
rPois   .            (helmet restricted)
rElec   .            Q - +0 cloak
rCorr   .            B - +0 pair of gloves
SInv    .            (boots unavailable)
Will    .....        t - amulet of faith
Stlth   ++           D - +5 ring of evasion
HPRegen 1.09/turn    s - ring of magical power
MPRegen 0.24/turn

%: acrobat, faith
@: acrobatic, flying
A: beak, talons 3, evasive flight, acrobatic
a: Renounce Religion, Channel Magic, Forget Spell, Divine Exegesis


You were on level 8 of the Dungeon.
You worshipped Sif Muna.
Sif Muna was extremely pleased with you.
You visited 1 branch of the dungeon, and saw 8 of its levels.
You also visited: Sewer and Bailey.

You collected 472 gold pieces.
You spent 195 gold pieces at shops.

Inventory:

Hand Weapons
 a - a +3 trident of draining (weapon)
 f - a +0 trident of freezing
Missiles
 x - 4 boomerangs
 H - 25 poisoned darts
 M - 5 curare-tipped darts
 X - 2 javelins
Armour
 d - a +0 buckler
 j - an orb of energy
 l - a +0 leather armour of poison resistance
 u - a +1 leather armour of cold resistance
 B - a +0 pair of gloves (worn)
 Q - a +0 cloak (worn)
 R - a +0 troll leather armour (worn)
 W - +2 fire dragon scales
Jewellery
 s - a ring of magical power (right hand)
 t - an amulet of faith (around neck)
 C - a ring of fire
 D - a +5 ring of evasion (left hand)
 Y - a ring of poison resistance
Wands
 r - a wand of acid (9)
 E - a wand of charming (4)
 O - a wand of digging (6)
 P - a wand of flame (18)
 U - a wand of polymorph (19)
Scrolls
 c - a scroll of brand weapon {unknown}
 e - a scroll of fog {unknown}
 h - 2 scrolls of vulnerability {unknown}
 k - 2 scrolls of immolation {unknown}
 m - 3 scrolls of teleportation {unknown}
 n - a scroll of noise {unknown}
 o - 3 scrolls of torment {unknown}
 p - 4 scrolls of poison {unknown}
 q - 3 scrolls of enchant armour {unknown}
 y - 3 scrolls of amnesia
 G - 6 scrolls of fear
 N - 2 scrolls of revelation {unknown}
 S - a scroll of blinking {unknown}
 V - a scroll of enchant weapon {unknown}
Potions
 b - 2 potions of magic
 g - 2 potions of mutation
 i - a potion of ambrosia
 v - 6 potions of might
 w - 2 potions of brilliance {unknown}
 z - 3 potions of curing
 A - a potion of cancellation
 F - a potion of berserk rage
 I - a potion of invisibility
 J - 2 potions of heal wounds
 K - 5 potions of haste {unknown}
 L - 2 potions of experience {unknown}
 T - 2 potions of attraction {unknown}


   Skills:
 + Level 8.3 Polearms
 - Level 2.1 Dodging
 - Level 2.0 Stealth
 * Level 10.2 Spellcasting
 * Level 13.7 Summonings


You had 13 spell levels left.
You knew the following spells:

 Your Spells              Type           Power      Damage    Failure   Level
a - Summon Lightning Spi  Summ/Air       39%        N/A       5%          4
b - Call Imp              Summ           100%       N/A       1%          2
c - Call Canine Familiar  Summ           62%        N/A       1%          3
d - Summon Ice Beast      Ice/Summ       39%        N/A       1%          3
e - Summon Small Mammal   Summ           100%       N/A       1%          1
g - Summon Blazeheart Go  Fire/Summ      39%        N/A       5%          4

Your spell library contained the following spells:

 Spells                   Type           Power      Damage    Failure   Level
 Freeze                   Ice            40%        1d6       10%         1
 Kiss of Death            Conj/Necr      40%        2d8       10%         1
 Sting                    Conj/Alch      40%        1d5       10%         1
 Mercury Vapours          Alch/Air       20%        N/A       14%         2
 Summon Mana Viper        Hex/Summ       39%        N/A       16%         5
 Confusing Touch          Hex            10%        N/A       28%         3
 Frozen Ramparts          Ice            20%        1d4       28%         3
 Hailstorm                Conj/Ice       10%        3d6       28%         3
 Mephitic Cloud           Conj/Alch/Air  10%        N/A       28%         3
 Monstrous Menagerie      Summ           31%        N/A       28%         7
 Cause Fear               Hex            5%         N/A       67%         4
 Dispel Undead            Necr           10%        3d9       67%         4
 Olgreb's Toxic Radiance  Alch           10%        N/A       67%         4
 Fireball                 Conj/Fire      5%         3d5       95%         5
 Freezing Cloud           Conj/Ice/Air   5%         6-21      95%         5
 Dragon's Call            Summ           31%        N/A       100%        9


Dungeon Overview and Level Annotations

Branches:
Dungeon (8/15)             Temple (0/1) D:7           Sewer (visited)
 Bailey (visited)
   Lair: D:8-11

Altars:
Ashenzari
Dithmenos
Gozag
Makhleb
Nemelex Xobeh
Okawaru
Sif Muna
The Shining One

Shops:
D:5 *


Innate Abilities, Weirdness & Mutations

You have a beak for a mouth.
You have claws for feet.
Your magical flight helps you evade attacks. (EV +4)
You can magically evade attacks while moving or waiting.


Message History

The kobold hits your lightning spire but does no damage.
The kobold brigand hits you but does no damage.
Unknown command.
You barely miss the kobold brigand. Your kick misses the kobold brigand.
You peck the kobold brigand.
The kobold brigand is moderately wounded.
The electric eel shoots out a bolt of lightning at you!
The bolt of electricity hits you!
Your lightning spire shoots out a bolt of lightning at the kobold!
The bolt of electricity hits the kobold!
The kobold dies!
Sif Muna accepts your kill.
You hear a splash.
The kobold brigand closely misses you.
You closely miss the kobold brigand. Your kick misses the kobold brigand.
You peck the kobold brigand, but do no damage.
The kobold brigand is moderately wounded.
An electric eel comes into view.
Unknown command.
You hit the kobold brigand. You drain the kobold brigand.
Your peck misses the kobold brigand.
The kobold brigand is heavily wounded.
The kobold brigand completely misses you.
An electric eel comes into view.
The electric eel shoots out a bolt of lightning at you!
The bolt of electricity hits the kobold brigand.
The bolt of electricity hits you! x2
Your lightning spire shoots out a bolt of lightning at the kobold brigand!
The bolt of electricity hits the kobold brigand!
The kobold brigand dies!
Sif Muna accepts your kill.
The electric eel shoots out a bolt of lightning at you!
The bolt of electricity hits you!
* * * LOW HITPOINT WARNING * * *
The electric eel shoots out a bolt of lightning at you!
The bolt of electricity hits you!
* * * LOW HITPOINT WARNING * * *
The electric eel shoots out a bolt of lightning at you!
The bolt of electricity hits you!
You die...

♣P~.~≈≈~≈~~ #
♣♣~S.≈≈≈≈~~~P #
~♣♣♣~~~.~≈≈~~~~
~~~~~~~.≈≈~~~~♣
~~~~~~~.~~~~~♣ ##
~~≈S)~S.~P~P~# #.
.....8...~~P# #.
♣).♣~#### #.######.
#...@...# #........
#######.# ##########.
#######.###..........
..............######.
#############.# #.
#.# #. #.######.
#......>. ########.


You could see 3 electric eels and a friendly lightning spire (summoned).

Vanquished Creatures
  Grinder (Sewer)
  A hornet (D:8)
  Prince Ribbit (D:6)
  A yak (D:7)
  A steam dragon (Bailey)
  Menkaure (D:4)
  A water moccasin (D:7)
  4 ogres
  4 centaurs
  A phantom (D:6)
  A lemure (D:7)
  2 bullfrogs (D:7)
  A scorpion (D:5)
  4 wights
  A killer bee (D:6)
  2 howler monkeys (D:7)
  An electric eel (D:8)
  A quasit (Sewer)
  A hound (D:7)
  A gnoll bouda (D:7)
  An iguana (D:7)
  An orc wizard (D:7)
  Natasha (thrice) (D:3)
  A sleepcap (D:4)
  5 adders
  3 shadow imps
  3 ufetubi
  2 ribbon worms
  A dart slug (D:1)
  22 orcs
  4 ball pythons
  A bat zombie (Sewer)
  4 endoplasms
  6 giant cockroaches
  10 goblins
  11 hobgoblins
  7 jackals
  3 quokkas
  3 bats
  2 frilled lizards (D:1)
  12 kobolds
  A kobold zombie (Sewer)
  3 rats
140 creatures vanquished.

Vanquished Creatures (collateral kills)
  A two-headed ogre (Bailey)
  Pikel (D:7)
  Jeremiah (D:7)
  A troll (D:7)
  Sigmund (D:5)
  3 spriggans (Bailey)
  4 yaks (D:6)
  Duvessa (D:6)
  A water moccasin (D:6)
  A black bear (D:7)
  2 orc warriors (D:7)
  3 ice beasts
  5 ogres
  3 lemures
  2 kobold brigands
  A gnoll sergeant (D:7)
  2 scorpions
  Dowan (D:6)
  9 wights
  A killer bee (D:7)
  A bombardier beetle (D:6)
  A quasit (Sewer)
  2 hounds
  A jelly (D:7)
  Crazy Yiuf (D:7)
  A gnoll bouda (D:6)
  2 orc priests (D:6)
  A sleepcap (D:4)
  Jessica (D:3)
  3 orc wizards (D:7)
  Terence (D:3)
  Robin (D:4)
  5 gnolls (D:6)
  3 river rats (D:5)
  4 adders
  4 shadow imps
  A white imp (D:5)
  2 ufetubi (D:6)
  13 orcs
  A ball python (D:2)
  2 giant cockroaches
  3 goblins (D:4)
  A hobgoblin (D:4)
  A quokka (D:5)
  A frilled lizard (D:3)
  7 kobolds
108 creatures vanquished.

Vanquished Creatures (others)
  A kobold (D:8)
1 creature vanquished.

Grand Total: 249 creatures vanquished

Notes
Turn   | Place    | Note
-------+----------+-------------------------------------------
     0 | D:1      | mopl the Tengu Summoner began the quest for the Orb.
     0 | D:1      | Reached XP level 1. HP: 10/10 MP: 4/4
   354 | D:1      | Reached skill level 5 in Summonings
   415 | D:1      | Reached XP level 2. HP: 8/15 MP: 6/6
   421 | D:1      | Learned a level 2 spell: Call Imp
   627 | D:1      | Reached skill level 1 in Polearms
   629 | D:1      | Reached XP level 3. HP: 19/19 MP: 7/7
   650 | D:1      | Learned a level 3 spell: Call Canine Familiar
  1303 | D:2      | Reached XP level 4. HP: 24/24 MP: 9/9
  1722 | D:3      | Found a faded altar of an unknown god.
  1730 | D:3      | Found a shimmering blue altar of Sif Muna.
  1752 | D:3      | Became a worshipper of Sif Muna the Loreminder
  1778 | D:3      | Noticed Natasha
  1793 | D:3      | Killed Natasha
  1835 | D:3      | Noticed Jessica
  1841 | D:3      | Killed Jessica
  1842 | D:3      | Reached skill level 6 in Summonings
  1842 | D:3      | Reached XP level 5. HP: 22/28 MP: 6/11
  1899 | D:3      | Learned a level 3 spell: Summon Ice Beast
  1996 | D:3      | Noticed Terence
  2008 | D:3      | Killed Terence
  2062 | D:3      | Noticed Natasha
  2078 | D:3      | Killed Natasha
  2114 | D:3      | Found a burning altar of Makhleb.
  2114 | D:3      | Found an iron altar of Okawaru.
  2114 | D:3      | Found a shadowy altar of Dithmenos.
  2124 | D:3      | Found a broken altar of Ashenzari.
  2127 | D:3      | Found a sparkling altar of Nemelex Xobeh.
  2168 | D:3      | Noticed Natasha
  2174 | D:3      | Killed Natasha
  2216 | D:4      | Noticed Robin
  2226 | D:3      | Reached XP level 6. HP: 15/32 MP: 12/12
  2343 | D:4      | Reached * piety under Sif Muna
  2352 | D:4      | Killed Robin
  2551 | D:4      | Reached skill level 7 in Summonings
  2576 | D:4      | Noticed Menkaure
  2597 | D:4      | Killed Menkaure
  2598 | D:4      | Gained mutation: Your magical flight helps you evade
                  | attacks. (EV +4) [Tengu growth]
  2598 | D:4      | Reached XP level 7. HP: 31/36 MP: 11/14
  2622 | D:4      | Learned a level 4 spell: Summon Blazeheart Golem
  2714 | D:4      | Found an opulent altar of Gozag.
  3028 | D:4      | Reached skill level 5 in Spellcasting
  3203 | D:5      | Entered Level 5 of the Dungeon
  3292 | D:5      | Reached skill level 8 in Summonings
  3312 | D:5      | Found a glowing golden altar of the Shining One.
  3338 | D:5      | Noticed Sigmund
  3357 | D:5      | Killed Sigmund
  3358 | D:5      | Reached XP level 8. HP: 27/41 MP: 11/17
  3411 | D:5      | Found Yweana's General Store.
  3423 | D:5      | Reached ** piety under Sif Muna
  3434 | D:5      | Bought a potion of berserk rage for 75 gold pieces
  3434 | D:5      | Bought a scroll of fear for 60 gold pieces
  3434 | D:5      | Bought a scroll of amnesia for 60 gold pieces
  3506 | D:5      | Found a glowing drain.
  3510 | Sewer    | Entered a sewer
  3676 | Sewer    | Found a burning altar of Makhleb.
  3759 | Sewer    | Noticed Grinder
  3778 | Sewer    | Killed Grinder
  3778 | Sewer    | Reached *** piety under Sif Muna
  3779 | Sewer    | Reached skill level 9 in Summonings
  4239 | D:5      | Learned a level 4 spell: Summon Lightning Spire
  4337 | D:5      | Reached skill level 5 in Polearms
  4728 | D:6      | Reached XP level 9. HP: 15/45 MP: 9/20
  4927 | D:6      | Noticed Duvessa
  4930 | D:6      | Noticed Dowan
  4935 | D:6      | Killed Duvessa
  4936 | D:6      | Reached skill level 10 in Summonings
  4937 | D:6      | Killed Dowan
  5001 | D:6      | Noticed Prince Ribbit
  5007 | D:6      | Reached **** piety under Sif Muna
  5017 | D:6      | Killed Prince Ribbit
  5349 | D:6      | Reached skill level 11 in Summonings
  5410 | D:7      | Noticed Pikel
  5410 | D:7      | Noticed Jeremiah
  5491 | D:7      | Reached XP level 10. HP: 50/50 MP: 23/23
  5873 | D:7      | Killed Jeremiah
  5874 | D:7      | Reached skill level 12 in Summonings
  6119 | D:7      | Killed Pikel
  6230 | D:7      | Reached ***** piety under Sif Muna
  6481 | D:7      | Found a staircase to the Ecumenical Temple.
  6537 | D:7      | Received a gift from Sif Muna
  6633 | D:7      | Found a runed translucent door.
  6634 | D:7      | Noticed Crazy Yiuf
  6640 | D:7      | Killed Crazy Yiuf
  6723 | D:8      | Found a flagged portal.
  6745 | Bailey   | Entered a bailey
  6772 | Bailey   | Reached skill level 13 in Summonings
  6783 | Bailey   | Reached XP level 11. HP: 52/54 MP: 12/25
  6835 | Bailey   | Noticed a two-headed ogre
  6860 | Bailey   | Killed a two-headed ogre
  6861 | Bailey   | Reached skill level 10 in Spellcasting
  7489 | D:8      | Killed from afar by an electric eel

Illustrated notes

Levels and vault maps discovered:
D:1:      spicycebolla_arrival_transporter_tutorial, layout_loops_corners,
          minmay_tall_x
D:2:      layout_loops_ring
D:3:      layout_rooms, mainiacjoe_overflow_small_starburst,
          minmay_overflow_temple_star_hex, ebering_ecumenical_altar_rust,
          serial_glass, glass_columns_a, glass_columns_a, uniq_terence,
          uniq_natasha, uniq_jessica
D:4:      layout_basic, mainiacjoe_overflow_paths, uniq_robin, uniq_menkaure
D:5:      layout_loops_cross, mainiacjoe_overflow_catwalk,
          gup_sewer_entry_spiral, serial_shops, shop, uniq_sigmund
D:6:      layout_rooms, uniq_duvessa, uniq_prince_ribbit1
D:7:      cheibrodos_fzero, layout_rooms, minmay_temple_entry_fiery,
          uniq_crazy_yiuf_cottage, uniq_pikel, uniq_jeremiah
D:8:      layout_loops_ring, serial_bayou, serial_bayou_pond_e,
          serial_bayou_pond_e, serial_bayou_shore_a, serial_bayou_crossing,
          serial_bayou_lagoon_b, serial_bayou_pond_a, enter_bailey_4,
          chequers_jeans

Skill      XL: |  1  2  3  4  5  6  7  8  9 10 11 |
---------------+----------------------------------+-----
Summonings     | 5 6 7 8 9 11 13 | 13.7
Polearms       | 1 2 3 4 5 6 7 8 |  8.3
Spellcasting   | 3 4 5 6 8 9 10 | 10.2
Dodging        | |  2.1
Stealth        | |  2.0

Action                     |  1- 3 |  4- 6 |  7- 9 | 10-12 || total
---------------------------+-------+-------+-------+-------++-------
  Melee: Spear             |   114 |   112 |   314 |    39 ||   579
         Kick              |    24 |    26 |    56 |    52 ||   158
         Peck              |    16 |    12 |    34 |    30 ||    92
         Unarmed           |     3 |       |       |       ||     3
         Punch             |       |       |     2 |       ||     2
         Trident           |       |       |       |   167 ||   167
   Cast: Call Canine Famil |     1 |     7 |    21 |    15 ||    44
         Summon Small Mamm |     1 |       |     1 |       ||     2
         Call Imp          |       |     6 |     7 |     1 ||    14
         Summon Ice Beast  |       |     2 |    12 |    11 ||    25
         Summon Lightning  |       |       |     4 |    14 ||    18
         Summon Blazeheart |       |       |     1 |     4 ||     5
    Use: Scroll            |       |       |     6 |     2 ||     8
   Stab: Sleeping          |     3 |     2 |     2 |     2 ||     9
         Distracted        |       |     3 |     3 |     2 ||     8
 Armour: Robe              |    39 |    44 |    73 |       ||   156
         Leather armour    |       |       |       |    37 ||    37
         Troll leather arm |       |       |       |    35 ||    35
  Dodge: Dodged            |    58 |    44 |   229 |   197 ||   528
